AoeStats
← Roska

Oasis

510148429Analyzed
2v2 RM · 4d ago on Sep 29, 2026· 68m 15s· 4 players
Game mode
Random Map
Map size
Medium (4 player)
Population
200
Speed
Normal
Resources
Standard
Victory
Conquest
Starting age
Dark Age
Ending age
Imperial Age
RankedLock teamsTeams togetherTeam positionsShared explorationLock speedFull tech treeHidden civsTurbo modeCheats
Victory
Defeat
🇪🇸 Byzantines · Spain
749
+14
🇩🇪 Aztecs · Germany
678
+17
🇫🇮 Japanese · Finland
707
-16
🇫🇮 Cumans · Finland
696
-15
Juguansissi
4:32 Loom
10:33 Feudal Age
19:41 Castle Age
19:06 Forging
19:17 Horse Collar
19:24 Double-Bit Axe
20:45 Gold Mining
21:07 Scale Barding Armor
21:19 Bloodlines
23:13 Light Cavalry
23:49 Arson
27:58 Wheelbarrow
27:33 Caravan
29:13 Murder Holes
31:31 Bow Saw
31:27 Heavy Plow
33:13 Steppe Husbandry
33:59 Stone Mining
36:53 Imperial Age
36:44 Hand Cart
36:02 Capped Ram
38:58 Gold Shaft Mining
37:47 Pikeman
38:29 Squires
39:01 Conscription
40:00 Chemistry
40:03 Crop Rotation
41:02 Iron Casting
40:19 Fletching
40:02 Cavalier
40:51 Halberdier
44:25 Chain Barding Armor
43:29 Hussar
43:31 Paladin
45:31 Two-Man Saw
46:17 Plate Barding Armor
45:37 Bodkin Arrow
46:02 Scale Mail Armor
52:26 Blast Furnace
53:26 Chain Mail Armor
Roska
1:23 Loom
10:37 Feudal Age
11:09 Double-Bit Axe
11:43 Horse Collar
15:50 Forging
15:41 Scale Mail Armor
17:18 Wheelbarrow
21:09 Castle Age
23:21 Squires
23:20 Gambesons
23:22 Arson
26:12 Bow Saw
27:02 Iron Casting
26:30 Heavy Plow
26:01 Pikeman
28:15 Ballistics
27:48 Crossbowman
30:16 Hand Cart
30:55 Chain Mail Armor
31:05 Fortified Wall
31:34 Gold Mining
31:36 Stone Mining
32:49 Scale Barding Armor
33:56 Murder Holes
37:04 Imperial Age
35:46 Padded Archer Armor
35:57 Thumb Ring
37:03 Husbandry
37:15 Bloodlines
37:24 Leather Archer Armor
38:29 Caravan
39:33 Blast Furnace
39:40 Two-Man Saw
40:14 Chemistry
38:55 Treadmill Crane
40:58 Town Watch
41:46 Plate Mail Armor
41:42 Conscription
41:44 Kataparuto
41:58 Kataparuto
41:11 Halberdier
42:11 Devotion
42:25 Masonry
43:26 Town Patrol
44:51 Ring Archer Armor
44:12 Fletching
44:43 Chain Barding Armor
46:11 Gold Shaft Mining
45:01 Cavalier
45:04 Arbalester
45:11 Man-at-Arms
46:17 Elite Samurai
46:40 Elite Samurai
50:19 Heavy Cavalry Archer
51:27 Parthian Tactics
64:13 Elite Skirmisher
Nobunaga 2011
10:53 Feudal Age
11:35 Double-Bit Axe
12:28 Wheelbarrow
17:04 Horse Collar
23:45 Castle Age
23:22 Gold Mining
23:29 Stone Mining
24:40 Bow Saw
25:08 Gold Shaft Mining
25:20 Pikeman
27:18 Hand Cart
27:39 Elite Skirmisher
31:00 Murder Holes
33:59 Imperial Age
32:51 Squires
33:29 Loom
35:51 Stone Shaft Mining
35:24 Heavy Plow
37:11 Conscription
37:19 Forging
37:10 Scale Mail Armor
38:19 Crop Rotation
38:22 Fletching
39:28 Halberdier
40:04 Gambesons
41:00 Iron Casting
40:42 Chain Mail Armor
41:01 Bodkin Arrow
41:07 Padded Archer Armor
42:27 Thumb Ring
42:37 Elite Cataphract
43:44 Scale Barding Armor
44:51 Caravan
45:56 Chain Barding Armor
47:14 Plate Barding Armor
47:10 Plate Mail Armor
50:04 Logistica
50:02 Bracer
50:17 Leather Archer Armor
49:54 Crossbowman
51:55 Arbalester
53:10 Ring Archer Armor
56:59 Ballistics
57:42 Chemistry
66:41 Hoardings
TotalDish7778
10:16 Feudal Age
10:47 Double-Bit Axe
16:23 Horse Collar
20:18 Castle Age
19:40 Stone Mining
19:43 Gold Mining
21:14 Wheelbarrow
21:12 Bow Saw
21:46 Stone Shaft Mining
22:00 Heavy Plow
22:28 Loom
27:29 Gold Shaft Mining
27:08 Fervor
33:55 Imperial Age
32:29 Caravan
33:23 Ballistics
33:33 Hand Cart
33:27 Elite Skirmisher
34:04 Elite Jaguar Warrior
35:06 Conscription
34:49 Fletching
35:10 Forging
35:50 Crop Rotation
36:37 Garland Wars
36:33 Bodkin Arrow
37:15 Padded Archer Armor
38:07 Scale Mail Armor
38:13 Squires
39:23 Atlatl
41:05 Chemistry
40:45 Iron Casting
41:18 Leather Archer Armor
42:07 Fortified Wall
42:39 Chain Mail Armor
43:43 Town Watch
43:33 Capped Ram
46:54 Blast Furnace
45:54 Bracer
46:25 Plate Mail Armor
46:27 Murder Holes
50:56 Siege Ram
Connection lost

Rejoining the realm…

Still unreachable

The connection could not be restored.

Session expired

The server has moved on; the page needs a fresh start.